Map: Lightshade LE

Players

Scarlett - Winner!

  • Race: Zerg Zerg

MCanning

  • Race: Protoss Protoss

Event: DreamHack SC2 Masters 2021 Fall

VOD

Have the link to the VOD?

Description

Time

  • Played on: Aug. 3, 2021, 3:15 p.m.
  • Length: 12:06

All games in this series

Show
View Real Time Build Order
Export as new Build Order

Scarlett Zerg - Winner!

Build Orders: Pool First, Lurkers 

Get SALT Encoding   

  12  0:16  Spawning Pool  
  11  0:22  Drone  
  11  0:26  Drone  
  13  0:30  Drone  
  14  0:40  Overlord  
  14  1:03  Zergling x4  
  16  1:05  Zergling x2  
  19  1:15  Hatchery  
  19  1:17  Zergling x2  
  17  1:26  Zergling x2  
  17  1:31  Queen  
  20  1:37  Drone  
  21  1:47  Overlord  
  21  2:01  Drone  
  22  2:09  Queen, Drone  
  25  2:25  Drone  
  25  2:27  Queen, Drone  
  26  2:34  Drone  
  27  2:39  Extractor  
  27  2:40  Drone  
  27  2:41  Drone x3  
  30  2:48  Queen  
  32  2:54  Overlord  
  32  3:00  Zergling x2  
  32  3:03  Drone x2  
  35  3:08  Drone  
  36  3:17  Drone x4  
  40  3:26  Drone x2  
  42  3:36  Hatchery  
  42  3:39  Overlord  
  41  3:42  Drone  
  41  3:47  Drone x2  
  44  3:51  Metabolic Boost  
  44  3:59  Drone x4  
  48  4:04  Overlord  
  48  4:05  Overlord  
  48  4:17  Overlord  
  48  4:18  Extractor  
  48  4:23  Drone x7  
  54  4:27  Queen  
  56  4:31  Queen  
  56  4:35  Drone  
  56  4:36  Drone  
  59  4:43  Drone  
  59  4:44  Drone x4  
  64  4:48  Queen  
  66  4:56  Roach Warren  
  66  4:58  Drone x3  
  68  5:06  Lair, Drone x3  
  70  5:11  Spore Crawler  
  70  5:13  Drone x3  
  72  5:17  Zergling x2  
  72  5:18  Zergling x4  
  73  5:21  Overlord x2  
  73  5:32  Overlord x2  
  73  5:33  Extractor  
  73  5:34  Overlord  
  73  5:35  Extractor, Evolution Chamber  
  71  5:40  Drone x5  
  71  5:42  Overlord  
  75  5:46  Drone x4  
  79  5:57  Hatchery  
  79  6:02  Extractor  
  79  6:03  Zerg Missile Weapons Level 1  
  79  6:04  Glial Reconstitution  
  77  6:05  Drone x4  
  77  6:06  Drone x3  
  77  6:07  Overseer, Drone  
  77  6:08  Roach  
  87  6:13  Roach  
  87  6:14  Roach  
  87  6:17  Overseer  
  91  6:21  Roach x5  
  91  6:22  Extractor  
  100  6:31  Pneumatized Carapace  
  100  6:39  Roach x7  
  114  6:44  Drone x3  
  114  6:45  Infestation Pit  
  116  6:48  Drone  
  117  6:57  Drone x2  
  117  6:58  Drone x3, Overlord  
  117  6:59  Overlord  
  117  7:00  Overlord  
  122  7:06  Hydralisk Den  
  121  7:09  Drone  
  121  7:10  Drone x5  
  127  7:15  Drone  
  127  7:17  Hatchery  
  127  7:21  Hive  
  127  7:23  Drone  
  127  7:24  Drone x6  
  127  7:27  Extractor x2  
  132  7:33  Drone x6  
  138  7:37  Lurker Den  
  138  7:40  Overlord x2  
  138  7:41  Overlord x2  
  138  7:44  Roach x3  
  143  7:53  Drone x4, Spine Crawler x2  
  143  7:54  Spine Crawler  
  143  7:56  Spore Crawler  
  143  7:58  Zerg Missile Weapons Level 2  
  142  8:00  Drone  
  142  8:02  Evolution Chamber  
  142  8:08  Overlord  
  142  8:09  Overlord  
  142  8:18  Drone x7  
  142  8:19  Roach  
  165  8:20  Roach x7  
  162  8:35  Viper x2, Zerg Ground Armor Level 1  
  162  8:36  Viper  
  162  8:37  Seismic Spines  
  162  8:38  Grooved Spines  
  162  8:39  Extractor  
  170  8:43  Extractor  
  169  8:49  Spine Crawler  
  169  8:50  Spine Crawler x3  
  169  8:51  Spore Crawler  
  169  8:52  Spine Crawler  
  163  9:01  Roach x11  
  185  9:17  Ravager  
  185  9:18  Ravager x7  
  193  9:34  Adaptive Talons  
  193  9:40  Hydralisk x3  
  193  9:43  Extractor  
  198  9:49  Muscular Augments  
  198  9:57  Hydralisk  
  200  10:02  Hatchery  
  188  10:08  Hydralisk x6  
  186  10:25  Hydralisk x7  
  198  10:35  Hydralisk x5  
  196  10:46  Hydralisk x8  
  195  10:56  Overlord x2  
  198  11:09  Lurker x8  
  194  11:20  Hydralisk x3  
  200  11:31  Extractor  
  199  11:32  Extractor  
  199  11:38  Hydralisk x3  
  199  11:39  Hydralisk  
  200  11:43  Spire  
  200  11:44  Spire  
  196  11:49  Spore Crawler  
  196  11:51  Spore Crawler  
Show
View Real Time Build Order
Export as new Build Order

MCanning Protoss 

Build Orders: Zealot Archon 

Get SALT Encoding   

  12  0:00  Probe  
  13  0:12  Probe  
  14  0:20  Pylon  
  14  0:24  Probe  
  15  0:38  Gateway, Probe (Chrono Boost)  
  16  0:48  Assimilator, Probe (Chrono Boost)  
  17  0:53  Probe (Chrono Boost)  
  18  1:04  Probe  
  19  1:16  Probe  
  20  1:19  Pylon  
  20  1:27  Cybernetics Core, Zealot (Chrono Boost)  
  20  1:28  Probe  
  23  1:40  Probe  
  23  1:46  Zealot (Chrono Boost)  
  26  1:56  Probe  
  27  2:08  Adept (Chrono Boost)  
  29  2:20  Nexus  
  27  2:32  Probe  
  28  2:42  Stargate  
  28  2:48  Assimilator  
  28  2:52  Pylon  
  28  2:55  Probe  
  29  3:01  Warp Gate  
  29  3:07  Probe  
  30  3:18  Void Ray (Chrono Boost)  
  30  3:19  Probe  
  29  3:33  Probe (Chrono Boost)  
  35  3:36  Probe (Chrono Boost)  
  35  3:39  Stalker  
  37  3:43  Probe (Chrono Boost)  
  37  3:46  Probe (Chrono Boost)  
  37  3:48  Probe (Chrono Boost)  
  39  3:55  Gateway, Probe  
  40  3:59  Probe  
  42  4:03  Oracle (Chrono Boost)  
  42  4:08  Probe  
  46  4:11  Probe  
  47  4:19  Pylon  
  47  4:20  Probe  
  47  4:23  Probe  
  49  4:30  Assimilator  
  49  4:32  Assimilator, Probe  
  49  4:35  Robotics Facility, Probe  
  51  4:44  Probe  
  52  4:47  Probe  
  53  4:54  Nexus  
  53  4:56  Probe  
  53  4:58  Void Ray (Chrono Boost)  
  53  4:59  Probe  
  55  5:08  Forge  
  55  5:13  Pylon  
  59  5:15  Probe  
  60  5:22  Twilight Council  
  60  5:26  Probe, Robotics Bay  
  60  5:28  Probe  
  62  5:33  Observer (Chrono Boost)  
  63  5:38  Shield Battery  
  63  5:39  Probe  
  64  5:43  Adept  
  64  5:45  Probe  
  64  5:49  Photon Cannon  
  67  5:51  Photon Cannon, Probe  
  68  5:58  Probe (Chrono Boost)  
  70  6:06  Pylon, Probe (Chrono Boost)  
  70  6:08  Protoss Ground Weapons Level 1 (Chrono Boost), Probe (Chrono Boost)  
  70  6:10  Probe (Chrono Boost)  
  70  6:11  Pylon  
  72  6:12  Disruptor (Chrono Boost)  
  72  6:16  Charge (Chrono Boost)  
  75  6:19  Sentry, Probe (Chrono Boost)  
  75  6:21  Probe (Chrono Boost)  
  75  6:22  Probe (Chrono Boost)  
  75  6:24  Probe  
  80  6:32  Probe  
  83  6:35  Photon Cannon  
  83  6:37  Probe  
  83  6:38  Gateway  
  83  6:40  Gateway  
  83  6:45  Disruptor (Chrono Boost)  
  86  6:48  Gateway  
  86  6:50  Probe (Chrono Boost)  
  86  6:53  Sentry, Probe (Chrono Boost)  
  91  6:57  Probe (Chrono Boost)  
  91  7:01  Assimilator, Probe (Chrono Boost)  
  93  7:03  Pylon  
  93  7:04  Probe (Chrono Boost)  
  93  7:05  Templar Archives, Probe x2 (Chrono Boost)  
  95  7:13  Shield Battery, Probe  
  94  7:16  Disruptor (Chrono Boost), Probe x2  
  99  7:25  Probe  
  99  7:27  Pylon, Photon Cannon  
  101  7:30  Assimilator, Zealot  
  101  7:36  Pylon  
  102  7:46  High Templar x2  
  102  7:48  Disruptor, Gateway  
  102  7:49  Gateway  
  102  7:50  Psionic Storm  
  109  7:51  Gateway  
  109  7:52  Archon  
  109  7:53  Probe  
  109  7:57  Probe  
  111  7:59  Zealot x3  
  117  8:16  Nexus  
  117  8:19  Pylon  
  117  8:25  Observer  
  116  8:27  Nexus  
  116  8:30  Protoss Ground Weapons Level 2 (Chrono Boost)  
  116  8:32  Probe  
  113  8:34  Zealot x4  
  113  8:36  High Templar  
  123  8:42  Photon Cannon  
  123  8:43  Shield Battery  
  123  8:44  High Templar x2  
  127  8:49  Probe  
  127  8:51  Photon Cannon  
  127  8:52  Photon Cannon  
  128  9:05  Fleet Beacon, Probe  
  128  9:06  Zealot x2  
  128  9:08  Stargate  
  133  9:14  Probe  
  126  9:18  Zealot x2  
  126  9:19  Zealot  
  132  9:26  Protoss Air Weapons Level 1 (Chrono Boost)  
  132  9:29  Pylon  
  132  9:33  Assimilator  
  132  9:36  Probe  
  132  9:37  Assimilator  
  133  9:41  High Templar  
  133  9:42  Probe  
  133  9:44  Warp Prism  
  136  9:46  Zealot x4  
  136  9:47  Zealot x2  
  136  9:50  Carrier (Chrono Boost)  
  154  10:14  Zealot x4  
  146  10:26  Zealot  
  146  10:27  Zealot x3  
  137  10:34  Carrier (Chrono Boost)  
  141  10:38  Zealot x4  
  141  10:41  Archon  
  133  10:45  Disruptor  
  133  10:47  Zealot x2  
  114  10:51  Zealot  
  114  10:52  Zealot  
  117  11:01  Carrier (Chrono Boost)  
  117  11:04  High Templar x4  
  125  11:19  Pylon  
  125  11:20  Pylon  
  124  11:34  Observer  
  135  11:40  Zealot x4  
  137  12:02  Pylon x2  

Tags
 
Add a new tag
Caveats
  • Supply blocks, unpowered buildings, or Contaminate may cause inaccurate times.
  • Supply counts are checked every 10 seconds.